 Dungeon Crawl Stone Soup version 0.30.0-29-ga12c61a403 (webtiles) character file.

Game seed: 7851160690694533784

58 javelincjr the Magician (level 4, -3/29 (32) HPs)
             Began as a Djinni Conjurer on June 14, 2023.
             Slain by Terence
             ... wielding a +0 flail
              (11 damage)
             ... on level 2 of the Dungeon.
             The game lasted 00:06:51 (1270 turns).

javelincjr the Magician (Djinni Conjurer)           Turns: 1270, Time: 00:06:52

HP:   -3/29 (32)    AC:  4    Str:  6    XL:     4   Next: 20%
Gold: 112           EV: 12    Int: 21    God:
                    SH:  0    Dex: 12

rFire   + + .        f - +2 dagger (vamp)
rCold   x . .        (no shield)
rNeg    . . .        a - +0 robe
rPois   ∞            m - +1 helmet
rElec   .            (no cloak)
rCorr   .            (no gloves)
SInv    .            (boots unavailable)
Will    .....        (no amulet)
Stlth   ++           (no ring)
HPRegen 0.24/turn    (no ring)
MPRegen 0.00/turn

%: infuse magic (-4 HP)
@: flying, drained
A: sickness immunity, fire resistance 2, cold vulnerability 1, float, innate
caster, HP casting, extra vitality 1
a: no special abilities


You were on level 2 of the Dungeon.
You visited 1 branch of the dungeon, and saw 2 of its levels.

You collected 112 gold pieces.

Inventory:

Hand Weapons
 f - a +2 vampiric dagger (weapon)
Armour
 a - a +0 robe (worn)
 m - a +1 helmet (worn)
Scrolls
 e - a scroll of fog {unknown}
 h - 2 scrolls of blinking {unknown}
 i - 2 scrolls of magic mapping {unknown}
 j - a scroll of teleportation {unknown}
 n - a scroll of identify {unknown}
 o - a scroll of immolation {unknown}
Potions
 b - a potion of attraction {unknown}
 c - 2 potions of curing
 d - a potion of resistance {unknown}
 g - a potion of flight {unknown}
 k - a potion of might {unknown}
 l - a potion of invisibility {unknown}


   Skills:
 * Level 1.4 Fighting
 + Level 2.9 Dodging
 + Level 2.2 Stealth
 * Level 3.6 Spellcasting


You knew the following spells:

 Your Spells              Type           Power      Damage    Failure   Level
a - Magic Dart            Conj           76%        1d6       2%          1
b - Searing Ray           Conj           38%        2d5       4%          2
c - Dazzling Flash        Conj/Hex       38%        N/A       9%          3
d - Fulminant Prism       Conj/Hex       9%         3d6       28%         4
e - Iskenderun's Mystic   Conj/Tloc      19%        2d6       28%         4
f - Kiss of Death         Conj/Necr      76%        2d11      2%          1
Your spell library was empty.

Dungeon Overview and Level Annotations

Branches:
Dungeon (2/15)

Altars:
Uskayaw

Shops:
D:1 *

Annotations:
D:2 Terence


Innate Abilities, Weirdness & Mutations

You are immune to sickness and miasma.
You are immune to poison.
Your flesh is very heat resistant. (rF++)
You are vulnerable to cold. (rC-)
You float through the air rather than walking.
You learn spells naturally, not from books.
Your magical power is your life essence.
You have superior vitality. (+4 MHP)


Message History

o - a scroll labelled CEOSYGGAAMUG
Found 3 stones.
You see here 3 stones.
You see here 3 stones.
Things that are here:
a +0 club; a hobgoblin skeleton
Found 6 stones.
Terence the Incautious comes into view.
He is wielding a +0 flail and carrying a wand of roots (13).
Terence shouts!
Terence zaps a wand.
The roots erupt in riotous growth!
The grasping roots grab you! The grasping roots constrict you.
Casting: Kiss of Death (safe; 2% risk of failure)
Confirm with . or Enter, or press ? or * to list all spells.
Aiming: Searing Ray (safe; 4% risk of failure)
Press: ? - help, Shift-Dir - straight line, f - Terence
Aim: Terence, wielding a +0 flail, wearing a +0 scale mail and carrying a wand of roots (12) (81% to hit)
The searing ray hits Terence.
Terence is lightly wounded. (Press . to maintain the ray.)
The grasping roots constrict you.
The searing ray hits Terence.
Terence is moderately wounded.
The grasping roots constrict you.
A rat comes into view.
The grasping roots release their grip on you.
The searing ray misses Terence.
The searing ray hits Terence.
Terence is heavily wounded.
You finish channelling your searing ray.
Terence barely misses you.
Casting: Searing Ray (safe; 4% risk of failure)
Confirm with . or Enter, or press ? or * to list all spells.
The spell is quite dangerous to miscast (9% risk of failure)!
Continue anyway?
Casting: Dazzling Flash (quite dangerous; 9% risk of failure)
Press: ? - help, Dir - look around, f - activate Terence hits you with a +0 flail.
* * * LOW HITPOINT WARNING * * *
Terence attacks as you move away! Terence hits you with a +0 flail!
You die...

......# #.#.# #...##.#####
##. .....##
#.#.......##.....###..
####.## #
#.......######...(.. #...#
###.###.# ####... #...#
#.# #.# #.#. #...# #.# #.#
#.## #...# #.###(###.#
#.##
###...######...@.....#
#.## ...........##
#@#####.. #...
.)..........####...r....
##.#
..................####..
#.# ###...##########.##
#.# #..÷# #.# #.# #÷÷.#
###.### #.# #...# #.....#
#.. #...########.#.#.# ###
##..))....##.#.#.#########


You could see Terence and a rat.

Vanquished Creatures
  Robin (D:2)
  A dart slug (D:2)
  5 bats
  4 endoplasms
  2 giant cockroaches
  9 goblins
  5 hobgoblins
  4 quokkas (D:1)
  2 kobolds (D:1)
  5 rats
38 creatures vanquished.

Notes
Turn   | Place    | Note
-------+----------+-------------------------------------------
     0 | D:1      | javelincjr the Djinni Conjurer began the quest for the Orb.
     0 | D:1      | javelincjr set off with the following spells memorised:
                  | Magic Dart, Searing Ray, Dazzling Flash, Fulminant Prism,
                  | Iskenderun's Mystic Blast.
     0 | D:1      | Reached XP level 1. HP: 15/15 MP: 0/0
   139 | D:1      | Reached XP level 2. HP: 17/21 MP: 0/0
   456 | D:1      | Reached XP level 3. HP: 26/26 MP: 0/0
   456 | D:1      | Learned a level 1 spell: Kiss of Death
   459 | D:1      | Found Jygixim's General Store.
   866 | D:2      | Reached skill level 1 in Fighting
   870 | D:2      | Noticed Robin
   912 | D:2      | Killed Robin
   913 | D:2      | Reached XP level 4. HP: 13/28 MP: 0/0
  1150 | D:2      | Found a hide-covered altar of Uskayaw.
  1264 | D:2      | Noticed Terence
  1270 | D:2      | Slain by Terence

Illustrated notes

Levels and vault maps discovered:
D:1:      amcnicky_arrival_gap_in_the_tavern_cellar, layout_rooms, serial_shops,
          nicolae_shop_back_alley_shop, minivault_27, minmay_3d_cube
D:2:      layout_loops_cross, basic_altar, uniq_robin, uniq_terence

Skill      XL: |  1  2  3 |
---------------+----------+-----
Stealth        | 2 |  2.2
Fighting       | 1 |  1.4
Dodging        | |  2.9
Spellcasting   | |  3.6

Action                     |  1- 3 |  4- 6 || total
---------------------------+-------+-------++-------
  Melee: Dagger            |     9 |    18 ||    27
   Cast: Magic Dart        |    55 |       ||    55
         Searing Ray       |     1 |     1 ||     2
         Kiss of Death     |     1 |       ||     1
         Dazzling Flash    |       |     1 ||     1
    Use: Potion            |     1 |       ||     1
   Stab: Sleeping          |     1 |       ||     1
 Armour: Robe              |       |     2 ||     2
  Dodge: Dodged            |    13 |    13 ||    26
